 Dungeon Crawl Stone Soup version 0.18.1-5-g4a78601 (webtiles) character file.

21 M4edhros the Grave Robber (level 2, 0/17 HPs)
             Began as an Octopode Necromancer on May 12, 2016.
             Slain by a kobold
             ... wielding a +0 dagger
              (1 damage)
             ... on level 2 of the Dungeon.
             The game lasted 00:01:18 (252 turns).

M4edhros the Grave Robber (Octopode Necromancer)     Turns: 252, Time: 00:01:19

Health: 0/17       AC:  1    Str: 12    XL:     2   Next: 87%
Magic:  2/5        EV: 12    Int: 17    God:
Gold:   16         SH:  0    Dex: 12    Spells: 2 memorised, 3 levels left

rFire  . . .     SeeInvis .     g - -2 dagger (curse)
rCold  . . .     Gourm    .     (no shield)
rNeg   . . .     Faith    .     (helmet restricted)
rPois  .         Spirit   .     (no amulet)
rElec  .         Dismiss  .     (no ring)
rCorr  .         Reflect  .     (no ring)
SustAt .         Harm     .     (no ring)
MR     .....                    (no ring)
Stlth  +++.......               (no ring)
                                (no ring)
                                (no ring)
                                (no ring)

@: mighty, lethally poisoned (0 -> -3), very slightly contaminated, not
resistant to hostile enchantments, fairly stealthy
A: almost no armour, amphibious, 8 rings, constrict 8, camouflage 1, gelatinous
body 1
a: no special abilities


You were on level 2 of the Dungeon.
You were not hungry.

You visited 1 branch of the dungeon, and saw 3 of its levels.

You collected 16 gold pieces.

Inventory:

Hand Weapons
 g - a cursed -2 dagger (weapon)
Scrolls
 c - a scroll of remove curse {unknown}
Potions
 d - a potion of might
Books
 a - a book of Necromancy

   Spells                             Type                      Level
   a - Pain                           Necromancy                   1
   b - Animate Skeleton               Necromancy                   1
   c - Vampiric Draining              Necromancy                   3
   d - Regeneration                   Charms/Necromancy            3
   e - Animate Dead                   Necromancy                   4
   f - Control Undead                 Necromancy                   4
Comestibles
 b - a bread ration
 f - a meat ration


   Skills:
 - Level 2.0 Dodging
 - Level 2.6 Stealth
 + Level 2.4 Unarmed Combat
 - Level 2.0 Spellcasting
 - Level 4.0 Necromancy


You had 3 spell levels left.
You knew the following spells:

 Your Spells              Type           Power        Failure   Level  Hunger
a - Pain                  Necr           ###.         3%          1    #......
b - Animate Skeleton      Necr           N/A          3%          1    #......


Dungeon Overview and Level Annotations

Branches:
Dungeon (3/15)

Altars:

Annotations:
D:3 Mefis's ghost, amateur DEWz


Innate Abilities, Weirdness & Mutations

You cannot wear most types of armour.
You are amphibious.
You can wear up to eight rings at the same time.
You can use your tentacles to constrict eight enemies at once.
Your skin changes colour to match your surroundings (Stealth).
Your rubbery body absorbs attacks (AC +1).


Message History

The adder poisons you!
You puncture the adder!
You kill the adder!
Your Unarmed Combat skill increases to level 2!
* * * LOW HITPOINT WARNING * * *
You feel sick.
You hit the hobgoblin.
You kill the hobgoblin!
You puncture the rat!
You kill the rat!
The kobold throws a stone.
The stone closely misses you.
You aren't carrying any items that you can evoke.
Drink which item? (? for menu, Esc to quit)
Okay, then.
* * * LOW HITPOINT WARNING * * *
You feel sick.
You hit the goblin.
You kill the goblin!
The kobold hits you with a dagger.
You die...

#. #. ####.## #......
#)..... ....... ### .
#......### #.. .#.
#......K.### #.# ...
#[.<...#@..##
#†######...
.......###.(###.(......#
..?.... ##...#.......##
#..S... ###...).....#
#...... ###.......#
####### #.(.....#
#......># #.......#
#.......#


You could see a kobold.

Vanquished Creatures
  An adder (D:2)
  A giant gecko (D:1)
  A giant cockroach (D:1)
  2 hobgoblins (D:2)
  A bat (D:2)
  2 giant newts (D:1)
  2 goblins (D:2)
  2 kobolds
  A rat (D:2)
13 creatures vanquished.

Notes
Turn   | Place    | Note
--------------------------------------------------------------
     0 | D:1      | M4edhros the Octopode Necromancer began the quest for the Orb.
     0 | D:1      | Reached XP level 1. HP: 11/11 MP: 3/3
    29 | D:1      | Learned a level 1 spell: Animate Skeleton
    92 | D:1      | Reached skill level 1 in Unarmed Combat
   202 | D:2      | Reached XP level 2. HP: 4/17 MP: 0/5
   223 | D:3      | Noticed Mefis's ghost (amateur DEWz)
   252 | D:2      | Slain by a kobold

Skill      XL: |  1  2 |
---------------+-------+-----
Unarmed Combat | 1 2 |  2.4
Dodging        | |  2.0
Stealth        | |  2.6
Spellcasting   | |  2.0
Necromancy     | |  4.0

Action                   || total
-------------------------++-------
Melee: Unarmed           ||    16
       Constrict         ||     6
       Tentacles         ||     1
       Dagger            ||     7
 Cast: Pain              ||     4
  Use: Potion            ||     2
       Scroll            ||     1
 Stab: Sleeping          ||     2
Armor: Skin              ||     2
Dodge: Dodged            ||    10
